 Dungeon Crawl Stone Soup version 0.21.0-3-g78d12a8 (webtiles) character file.

110 talenramel the Firebug (level 4, -6/33 HPs)
             Began as a Draconian Fire Elementalist on Jan 13, 2018.
             Mangled by talenramel's ghost (9 damage)
             ... on level 4 of the Dungeon.
             The game lasted 00:12:40 (2501 turns).

talenramel the Firebug (DrFE)                       Turns: 2501, Time: 00:12:41

Health: -6/33      AC:  5    Str:  9    XL:     4   Next: 61%
Magic:  1/8        EV:  9    Int: 16    God:    Xom [....*.]
Gold:   127        SH:  6    Dex: 11    Spells: 6/9 levels left

rFire    . . .     SeeInvis .   e - +0 dagger
rCold    . . .     Gourm    .   q - +0 shield
rNeg     . . .     Faith    .   (armour unavailable)
rPois    .         Spirit   .   (helmet restricted)
rElec    .         Reflect  .   (no cloak)
rCorr    .         Harm     .   (no gloves)
MR       .....     Rnd*Tele +   (no boots)
Stlth    ++........             g - amulet of rage
HPRegen  0.11/turn              h - -2 ring of strength (curse)
MPRegen  0.11/turn              n - ring of teleportation (curse)

@: very slightly contaminated
A: unfitting armour, cold-blooded, AC +5
a: Renounce Religion, Evoke Berserk Rage


You were on level 4 of the Dungeon.
You worshipped Xom.
You were a beloved toy of Xom.
You were hungry.

You visited 1 branch of the dungeon, and saw 4 of its levels.

You collected 127 gold pieces.

Inventory:

Hand Weapons
 e - a +0 dagger (weapon)
Armour
 q - a +0 shield (worn)
 r - a +0 buckler
Jewellery
 g - an amulet of rage (around neck)
 h - a cursed -2 ring of strength (left hand)
 n - a cursed ring of teleportation (right hand)
 o - an uncursed ring of wizardry {unknown}
Scrolls
 c - 5 scrolls of identify
 f - a scroll of fear
 i - 3 scrolls of teleportation
 p - a scroll of fog {unknown}
Potions
 d - a potion of agility {unknown}
 k - 2 potions of heal wounds
 l - a potion of magic {unknown}
 m - a potion of degeneration {unknown}
 s - 2 potions of flight {unknown}
Books
 a - a book of Flames

   Spells                             Type                      Level
   a - Flame Tongue                   Conjuration/Fire             1
   b - Throw Flame                    Conjuration/Fire             2
   c - Conjure Flame                  Conjuration/Fire             3
   d - Inner Flame                    Hexes/Fire                   3
   e - Sticky Flame                   Conjuration/Fire             4
   f - Fireball                       Conjuration/Fire             5
Comestibles
 b - 7 rations
 j - 12 chunks of flesh


   Skills:
 + Level 2.2 Dodging
 + Level 2.3 Stealth
 * Level 3.0 Spellcasting
 * Level 2.5 Conjurations
 + Level 3.4 Fire Magic


You had 6 spell levels left.
You knew the following spells:

 Your Spells              Type           Power        Failure   Level  Hunger
a - Flame Tongue          Conj/Fire      ##...        36%         1    #......
b - Throw Flame           Conj/Fire      ##....       50%         2    ##.....


Dungeon Overview and Level Annotations

Branches:
Dungeon (4/15)
 Temple: D:4-7

Altars:
Fedhas
Gozag
Kikubaaqudgha
Makhleb
Trog
Wu Jian
Xom
Yredelemnul

Annotations:
D:4 talenramel's ghost, amateur MiFi


Innate Abilities, Weirdness & Mutations

Your plain brown scales are hard. (AC +5)
You cannot fit into any form of body armour.
You are cold-blooded and may be slowed by cold attacks.


Message History

Talenramel's ghost barely misses you. The jackal bites you.
You closely miss the jackal.
Talenramel's ghost hits you but does no damage.
The jackal bites you.
Your shield prevents you from hitting the jackal.
Talenramel's ghost hits you.
* * * LOW HITPOINT WARNING * * *
The jackal barely misses you.
You hit the jackal.
The jackal is moderately wounded.
The jackal bites you but does no damage.
Talenramel's ghost barely misses you. The jackal closely misses you.
Talenramel's ghost hits you.
* * * LOW HITPOINT WARNING * * *
You hit the jackal but do no damage.
The jackal is moderately wounded.
The jackal bites you but does no damage.
Talenramel's ghost hits you!
You die...
Xom snickers!

#....#.......
#....#......#
#....#§......
#...§#§..<...
###...§§§......
#.....#§§......
.....##.#§#####..
..##. #W#.# . #
#@#%. #h#..
.h.... s.....#
......# ........
.......#..
........####


You could see talenramel's ghost, 2 jackals and a giant cockroach.

Vanquished Creatures
  4 adders
  An ooze (D:1)
  2 worms
  2 dart slugs
  2 leopard geckos (D:2)
  An orc (D:3)
  A giant cockroach (D:1)
  10 goblins
  8 hobgoblins
  11 bats
  5 frilled lizards
  5 kobolds
  7 rats
59 creatures vanquished.

Notes
Turn   | Place    | Note
-------+----------+-------------------------------------------
     0 | D:1      | talenramel the Draconian Fire Elementalist began the quest for the Orb.
     0 | D:1      | Reached XP level 1. HP: 14/14 MP: 3/3
   333 | D:1      | Reached XP level 2. HP: 20/20 MP: 3/5
   469 | D:1      | Learned a level 2 spell: Throw Flame
   663 | D:1      | Reached XP level 3. HP: 26/26 MP: 3/6
  1246 | D:2      | Found a blossoming altar of Fedhas.
  1555 | D:2      | Reached XP level 4. HP: 31/33 MP: 2/8
  2222 | D:3      | Found a burning altar of Makhleb.
  2224 | D:3      | Found a basalt altar of Yredelemnul.
  2229 | D:3      | Found a bloodstained altar of Trog.
  2229 | D:3      | Found an opulent altar of Gozag.
  2229 | D:3      | Found an ornate altar of the Wu Jian Council.
  2230 | D:3      | Found an ancient bone altar of Kikubaaqudgha.
  2234 | D:3      | Found a shimmering altar of Xom.
  2237 | D:3      | Became a worshipper of Xom of Fickle Intent
  2387 | D:3      | XOM: divination: detect items
  2449 | D:3      | XOM: silly message
  2466 | D:3      | You fall through a shaft!
  2472 | D:4      | Noticed talenramel's ghost (amateur MiFi)
  2483 | D:4      | XOM: silly message
  2490 | D:4      | XOM: fog
  2501 | D:4      | Mangled by talenramel's ghost

Skill      XL: |  1  2  3  4 |
---------------+-------------+-----
Dodging        | 2 |  2.2
Stealth        | 2 |  2.3
Conjurations   | 2 |  2.5
Spellcasting   | 3 |  3.0
Fire Magic     | |  3.4

Action                   |  1- 3 |  4- 6 || total
-------------------------+-------+-------++-------
Melee: Unarmed           |     7 |       ||     7
       Tailslap          |     5 |     2 ||     7
       Dagger            |    42 |    28 ||    70
 Cast: Flame Tongue      |    41 |    28 ||    69
       Throw Flame       |    10 |     4 ||    14
  Use: Scroll            |       |     3 ||     3
 Stab: Sleeping          |       |     2 ||     2
  Eat: Chunk             |     3 |     3 ||     6
Armor: Skin              |    27 |     5 ||    32
Dodge: Dodged            |    51 |    20 ||    71
Block: Shield            |       |     5 ||     5
